 Dungeon Crawl Stone Soup version 0.29.1-15-g9cfb28693d (webtiles) character file.

Game seed: 395206570078748170

281 Descartes the Digger (level 6, -5/52 HPs)
             Began as a Gargoyle Earth Elementalist on Feb 22, 2023.
             Was a Plaything of Xom.
             Slain by Heoruswealwe's ghost (8 damage)
             ... on level 3 of the Dungeon.
             The game lasted 00:07:40 (2477 turns).

Descartes the Digger (Gargoyle Earth Elementalist)  Turns: 2477, Time: 00:07:40

Health: -5/52      AC:  6    Str: 12    XL:     6   Next: 27%
Magic:  9/11       EV: 12    Int: 17    God:    Xom [.....*]
Gold:   124        SH:  0    Dex: 10    Spells: 8/12 levels left

rFire   . . .      SeeInvis .   b - +0 sling
rCold   + . .      Faith    .   (no shield)
rNeg    + . .      Spirit   .   i - +0 robe
rPois   ∞          Reflect  .   (helmet restricted)
rElec   +          Harm     .   (no cloak)
rCorr   .          Rampage  .   (no gloves)
Will    .....                   (no boots)
Stlth   ..........              (no amulet)
HPRegen 0.17/turn               e - ring of protection from cold
MPRegen 0.12/turn               (no ring)

@: berserking, very quick
A: sickness immunity, AC +4, negative energy resistance 1, electricity
resistance, torment resistance 1, petrification resistance, horns 1, talons 1,
robust 1, wild magic 1
a: Renounce Religion


You were on level 3 of the Dungeon.
You worshipped Xom.
You were Xom's teddy bear.
You visited 1 branch of the dungeon, and saw 3 of its levels.

You collected 124 gold pieces.

Inventory:

Hand Weapons
 a - a +2 short sword of holy wrath
 b - a +0 sling (weapon)
Missiles
 j - 10 poisoned darts
Armour
 i - a +0 robe (worn)
Magical Staves
 p - a staff of conjuration
Jewellery
 e - a ring of protection from cold (left hand)
Scrolls
 d - a scroll of noise {unknown}
 f - a scroll of fear {unknown}
 g - a scroll of magic mapping {unknown}
 k - a scroll of amnesia {unknown}
 l - 2 scrolls of vulnerability {unknown}
 n - a scroll of identify {unknown}
 o - a scroll of enchant armour {unknown}
 t - a scroll of butterflies {unknown}
 u - a scroll of teleportation {unknown}
 v - a scroll of poison {unknown}
Potions
 q - a potion of resistance
 w - a potion of brilliance {unknown}


   Skills:
 + Level 2.6 Dodging
 - Level 2.1 Stealth
 + Level 3.6 Spellcasting
 + Level 2.5 Conjurations
 - Level 0.7 Transmutations
 + Level 5.4 Earth Magic


You had 8 spell levels left.
You knew the following spells:

 Your Spells              Type           Power      Damage    Failure   Level
a - Sandblast             Erth           56%        2d13      3%          1
b - Stone Arrow           Conj/Erth      42%        3d9       14%         3

Your spell library contained the following spells:

 Spells                   Type           Power      Damage    Failure   Level
 Passwall                 Tmut/Erth      14%        N/A       11%         2
 Conjure Flame            Conj/Fire      9%         6-21      36%         3
 Ignite Poison            Fire/Tmut/Pois 5%         N/A       50%         3
 Petrify                  Tmut/Erth      17%        N/A       52%         4
 Sticky Flame             Conj/Fire      9%         2d3       75%         4
 Cause Fear               Hex            2%         N/A       90%         4
 Dragon Form              Tmut           3%         N/A       100%        7
 Dragon's Call            Summ           2%         N/A       100%        9


Dungeon Overview and Level Annotations

Branches:
Dungeon (3/15)

Altars:
Hepliaklqana
Ru
Wu Jian
Xom
Yredelemnul
The Shining One

Annotations:
D:3 Heoruswealwe's ghost, weakling FoFi


Innate Abilities, Weirdness & Mutations

You are immune to sickness and miasma.
Your stone body is resilient. (AC +4)
You are immune to poison.
You resist negative energy. (rN+)
You are resistant to electric shocks. (rElec)
You are resistant to unholy torment.
You are immune to petrification.
You have a pair of small horns on your head.
You have sharp toenails.
You are robust. (+10% HP)
Your spells are a little harder to cast, but a little more powerful.


Message History

Heoruswealwe's ghost hits you.
Unknown command.
Casting: Sandblast (safe; 3% risk of failure)
Confirm with . or Enter, or press ? or * to list all spells.
Aiming: Sandblast (safe; 3% risk of failure)
Press: ? - help, Shift-Dir - straight line, f/p - Heoruswealwe's ghost
Aim: Heoruswealwe's ghost (lightly damaged, 85% to hit)
The blast of sand hits Heoruswealwe's ghost but does no damage.
Heoruswealwe's ghost is lightly damaged.
Heoruswealwe's ghost hits you!
* * * LOW HITPOINT WARNING * * *
Heoruswealwe's ghost hits you.
* * * LOW HITPOINT WARNING * * *
You are too injured to fight recklessly!
Unknown command.
It was a potion of resistance.
You feel protected.
Xom roars with laughter!
Heoruswealwe's ghost hits you.
* * * LOW HITPOINT WARNING * * *
Your magical contamination has completely faded away.
It was a potion of curing.
You feel better. Xom almost notices you.
A monocle briefly appears over your right eye.
You are now Xom's teddy bear.
Heoruswealwe's ghost completely misses you.
It was a potion of haste.
You feel yourself speed up. Heoruswealwe's ghost hits you.
* * * LOW HITPOINT WARNING * * *
It was a potion of cancellation.
Your magical effects are unravelling.
You feel magically purged.
Xom roars with laughter!
You feel yourself slow down.
Your resistance to elements expires.
It was a potion of berserk rage.
A red film seems to cover your vision as you go berserk!
You feel yourself moving faster!
You feel mighty! Heoruswealwe's ghost hits you!
You die...
Xom laughs nastily!

# #.._.......# #.#
##......#...
#####........#.# #.#
#..###.####
.##........###.# #.
##..##.# .#..########
#.###. ##.##.#
...<....### #...#
#.##.#
#..####...######.#
#..#.# #..# ###...# #.#
##.#.# #..# #####.# #.#
#.#.# #..####...### #@#
#...#
##...##..##[♣⌠♣#W##
#####
...#)...##8....#..##
.####...#...$..#...# ##
#..#.#♣.....'....# #
#.##.#⌠.....'....# #
#.##.#♣.....'..#...
####....#(.....#..###.#
......####8....#..# .#


You could see Heoruswealwe's ghost.

Vanquished Creatures
  The ghost of Atelerd the Digger, an amateur OpEE (D:3)
  5 adders
  A dart slug (D:2)
  7 endoplasms
  A giant cockroach (D:1)
  8 goblins
  5 hobgoblins
  6 jackals
  3 quokkas
  6 ball pythons
  8 bats
  2 frilled lizards (D:3)
  6 kobolds
  7 rats
66 creatures vanquished.

Notes
Turn   | Place    | Note
-------+----------+-------------------------------------------
     0 | D:1      | Descartes the Gargoyle Earth Elementalist began the quest
                  | for the Orb.
     0 | D:1      | Reached XP level 1. HP: 10/10 MP: 3/3
    88 | D:1      | Found a faded altar of an unknown god.
   152 | D:1      | Prayed at the altar of an unknown god.
   152 | D:1      | Became a worshipper of Xom of Chaos
   186 | D:1      | Reached skill level 4 in Earth Magic
   186 | D:1      | Reached XP level 2. HP: 15/15 MP: 3/5
   215 | D:1      | XOM: silly message
   281 | D:1      | XOM: divination: magic mapping
   532 | D:1      | XOM: cloud trail
   781 | D:1      | Reached XP level 3. HP: 19/19 MP: 4/6
   862 | D:2      | Learned a level 3 spell: Stone Arrow
  1186 | D:2      | XOM: give mutations
  1186 | D:2      | Gained mutation: You have a pair of small horns on your
                  | head. [Xom's grace]
  1186 | D:2      | Gained mutation: Your spells are a little harder to cast,
                  | but a little more powerful. [Xom's grace]
  1186 | D:2      | Gained mutation: You have sharp toenails. [Xom's grace]
  1186 | D:2      | Gained mutation: You are robust. (+10% HP) [Xom's grace]
  1362 | D:2      | Reached XP level 4. HP: 26/26 MP: 4/8
  1506 | D:2      | Reached skill level 1 in Conjurations
  1965 | D:3      | Found a glowing golden altar of the Shining One.
  1968 | D:3      | Found an ornate altar of the Wu Jian Council.
  1996 | D:3      | Found a sacrificial altar of Ru.
  2239 | D:3      | Found a hazy altar of Hepliaklqana.
  2250 | D:3      | Found a basalt altar of Yredelemnul.
  2312 | D:3      | XOM: silly message
  2344 | D:3      | XOM: noise
  2450 | D:3      | Found a runed translucent gate.
  2451 | D:3      | Found a runed translucent gate.
  2452 | D:3      | Found a runed translucent gate.
  2453 | D:3      | Noticed Atelerd's ghost (amateur OpEE)
  2455 | D:3      | Noticed Heoruswealwe's ghost (weakling FoFi)
  2466 | D:3      | Killed Atelerd's ghost
  2467 | D:3      | Reached skill level 5 in Earth Magic
  2467 | D:3      | Reached XP level 5. HP: 24/30 MP: 3/10
  2467 | D:3      | Reached XP level 6. HP: 28/35 MP: 3/11
  2473 | D:3      | HP: 1/35 [Heoruswealwe's ghost (2)]
  2474 | D:3      | XOM: silly message
  2477 | D:3      | Slain by Heoruswealwe's ghost

Illustrated notes

Levels and vault maps discovered:
D:1:      roderic_chinese_lattice_arrival, layout_rooms,
          ebering_ecumenical_altar_sacrificial
D:2:      layout_loops_ring, minmay_hedge_maze
D:3:      layout_rooms, grunt_temple_overflow_open,
          amethyst_overflow_temple_binary, gammafunk_ghost_cemetery

Skill      XL: |  1  2  3  4 |
---------------+-------------+-----
Earth Magic    | 4 5 |  5.4
Spellcasting   | 3 |  3.6
Conjurations   | 2 |  2.5
Dodging        | 2 |  2.6
Stealth        | |  2.1
Transmutations | |  0.7

Action                   |  1- 3 |  4- 6 || total
-------------------------+-------+-------++-------
 Fire: Sling             |    17 |    34 ||    51
 Cast: Sandblast         |    49 |    32 ||    81
  Use: Potion            |       |     6 ||     6
Armor: Robe              |     6 |     2 ||     8
Dodge: Dodged            |    10 |    11 ||    21
